Match 41042664
Unlisted

Match 41042664
End
Scout Squad
Construct Barracks
Selects Armored Battlegroup
Selects Veteran Crews
1⁄4-ton 4x4 Truck
Riflemen Squad
Riflemen Squad
M1 Mortar Team
Infantry Support Center
Construct Motor Pool
Selects Fast Deploy
M8 Greyhound Armored Car
M8 Greyhound Armored Car
Construct Medical Station
Engineer Squad
M8 Greyhound Armored Car
M8 Greyhound Armored Car
FutureNP
♥weiden~ orz
0
0

Comments sign in to comment!

No comments posted yet!